Map: Costas tropicales

Players

MrFercho

  • Race: Terran Terran
  • Spawn Location: 5:00

tigro

  • Race: Terran Terran
  • Spawn Location: 6:00

IA (Más difícil)

  • Race: Protoss Protoss
  • Spawn Location: 12:00

IA (Más difícil)

  • Race: Zerg Zerg
  • Spawn Location: 5:00

IA (Más difícil)

  • Race: Terran Terran
  • Spawn Location: 0:00

VOD

Have the link to the VOD?

Description

Time

  • Played on: Nov. 19, 2018, 2:54 p.m.
  • Length: 3:54
Show
View Real Time Build Order
Export as new Build Order

MrFercho Terran 

Build Orders:  

Get SALT Encoding   

  12  0:02  SCV  
  13  0:30  Supply Depot  
  13  0:41  Engineering Bay  
  13  0:44  SCV  
  14  0:54  Refinery  
  14  0:56  SCV  
  15  1:02  Barracks  
  15  1:13  Supply Depot  
  15  1:23  SCV  
  16  1:39  Refinery  
  16  1:57  Barracks, Marine  
  17  2:03  Missile Turret  
  17  2:15  Marine  
  18  2:25  Missile Turret  
  16  2:51  Marine x2  
  18  3:01  Bunker  
  18  3:09  Marine x2  
  18  3:27  Marine x2  
Show
View Real Time Build Order
Export as new Build Order

tigro Terran 

Build Orders:  

Get SALT Encoding   

  12  0:05  SCV  
  13  0:19  Supply Depot  
  13  0:36  Refinery  
  13  0:40  SCV  
  14  0:52  SCV, Refinery  
  15  1:04  SCV  
  15  1:10  Barracks  
  16  1:17  SCV  
  17  1:29  SCV  
  18  1:47  SCV  
  19  1:59  Barracks  
  19  2:02  Supply Depot  
  19  2:06  Marine  
  12  2:24  Marine  
  13  2:42  Marine  
  13  2:54  Marine  
  13  2:59  Marine  
  14  3:12  Marine  
  15  3:17  Marine  
  15  3:30  Marine  
  16  3:35  Marine  
Show
View Real Time Build Order
Export as new Build Order

IA (Más difícil) Protoss 

Build Orders:  

Get SALT Encoding   

  12  0:01  Probe  
  13  0:13  Probe  
  14  0:21  Pylon  
  14  0:25  Probe  
  15  0:36  Probe  
  16  0:44  Probe  
  16  0:48  Assimilator  
  17  0:52  Gateway, Probe  
  18  1:00  Probe  
  18  1:01  Pylon  
  19  1:22  Probe  
  20  1:38  Zealot  
  20  1:43  Cybernetics Core  
  20  1:46  Gateway, Assimilator  
  22  2:04  Pylon  
  22  2:16  Adept  
  24  2:29  Adept  
  26  2:41  Pylon  
  26  2:46  Stalker  
  26  2:52  Zealot  
  26  3:14  Adept  
  26  3:16  Zealot  
  32  3:53  Pylon  
Show
View Real Time Build Order
Export as new Build Order

IA (Más difícil) Zerg 

Build Orders: 1 Base Baneling Bust, Pool Only 

Get SALT Encoding   

  12  0:01  Drone  
  13  0:12  Overlord  
  13  0:17  Drone  
  14  0:30  Drone  
  14  0:31  Drone  
  16  0:44  Spawning Pool  
  16  0:46  Drone  
  16  0:50  Drone  
  16  0:52  Extractor  
  16  0:56  Drone  
  17  1:06  Overlord  
  17  1:31  Zergling x2, Queen  
  20  1:34  Zergling x2  
  20  1:38  Roach Warren, Drone  
  21  1:51  Baneling Nest  
  21  1:53  Drone  
  21  1:55  Extractor  
  21  2:00  Drone  
  21  2:11  Drone  
  22  2:21  Zergling x2  
  22  2:32  Zergling x2  
  22  2:38  Drone  
  22  2:39  Zergling x2, Roach  
  22  2:43  Overlord  
  25  2:54  Drone  
  26  3:05  Zergling x2  
  27  3:10  Zergling x2  
  28  3:13  Zergling x2  
  28  3:16  Zergling x2  
  28  3:19  Zergling x2  
  31  3:27  Zergling x2  
Show
View Real Time Build Order
Export as new Build Order

IA (Más difícil) Terran 

Build Orders:  

Get SALT Encoding   

  12  0:01  SCV  
  13  0:13  SCV  
  14  0:19  Supply Depot  
  14  0:25  SCV  
  15  0:41  SCV  
  16  0:45  Barracks  
  16  0:53  SCV  
  17  1:05  SCV  
  18  1:17  Command Center  
  18  1:34  Marine  
  18  1:35  Orbital Command  
  18  1:39  Supply Depot  
  19  1:48  Refinery  
  19  1:52  Marine  
  20  2:00  SCV  
  21  2:03  Barracks  
  21  2:11  Marine  
  21  2:12  Refinery  
  21  2:13  SCV  
  23  2:26  SCV  
  23  2:30  Barracks Tech Lab  
  22  2:43  SCV  
  22  2:47  Marine  
  22  2:50  Marine  
  21  3:05  Marine, SCV  
  22  3:10  SCV  
  22  3:11  Marine  
  23  3:14  Refinery  
  23  3:17  SCV  
  24  3:23  Marauder, SCV  
  25  3:29  SCV  
  25  3:30  Barracks Tech Lab  
  26  3:35  SCV  
Tags
 
Add a new tag
Caveats
  • Supply blocks, unpowered buildings, or Contaminate may cause inaccurate times.
  • Supply counts are checked every 10 seconds.